General information
- name: BNet
- type: Ladder 1vs1/FFA
- host: Battle.net
- saver: GnR158
map: TurtleRock
- players: 2
- length: 18:29
- speed: Fast
- version: 1.26 W3XP
- replay type: Public
» download(79 KB)
Players
team 1 (loser)

»
k6a (
teal | 176 APM | 3234 actions | 18:20)
5 Archmage
3 Summon Water Elemental
2 Brilliance Aura
3 Mountain King
2 Storm Bolt
1 Bash
1 Paladin
1 Holy Light
» actions
| Assign group hotkey | 55 | |
| Basic commands | 235 | |
| Build / train | 116 | |
| ESC pressed | 2 | |
| Enter build submenu | 33 | |
| Enter hero's abilities submenu | 9 | |
| Give item / drop item | 5 | |
| Right click | 837 | |
| Select / deselect | 532 | |
| Select group hotkey | 1254 | |
| Use ability | 156 | |
3234 total
» units
| Peasant | 23 | |
| Footman | 7 | |
| Rifleman | 9 | |
| Spell Breaker | 3 | |
| Flying Machine | 1 | |
| Knight | 1 | |
44 total
» upgrades
| Gunpowder | 1 | |
| Long Rifles | 1 | |
| Lumber Harvesting | 1 | |
| Masonry | 2 | |
| Priest Training | 1 | |
6 total
» buildings
| Altar of Kings | 1 | |
| Farm | 11 | |
| Barracks | 1 | |
| Scout Tower | 8 | |
| Arcane Tower | 4 | |
| Arcane Vault | 2 | |
| Blacksmith | 1 | |
| Keep | 3 | |
| Lumber Mill | 1 | |
| Guard Tower | 14 | |
| Arcane Sanctum | 2 | |
| Town Hall | 1 | |
| Castle | 1 | |
| Workshop | 2 | |
52 total
» build order
00:06 Altar of Kings
00:12 Farm
00:20 Barracks
01:09 Farm
01:38 Scout Tower
02:18 Arcane Tower
02:37 Scout Tower
02:47 Arcane Vault
02:59 Farm
03:02 Arcane Vault
03:25 Blacksmith
03:28 Farm
03:31 Arcane Tower
04:48 Keep
04:48 Keep
05:43 Scout Tower
05:59 Lumber Mill
06:20 Farm
06:23 Farm
06:33 Arcane Tower
06:48 Guard Tower
06:48 Guard Tower
06:48 Guard Tower
06:52 Farm
07:46 Arcane Sanctum
09:39 Scout Tower
09:40 Scout Tower
09:41 Scout Tower
09:43 Scout Tower
09:45 Scout Tower
09:58 Town Hall
10:12 Guard Tower
10:13 Guard Tower
10:13 Guard Tower
11:06 Guard Tower
11:07 Guard Tower
11:07 Guard Tower
11:29 Arcane Sanctum
11:34 Farm
11:48 Guard Tower
11:50 Guard Tower
11:50 Guard Tower
12:02 Farm
12:03 Farm
12:03 Farm
13:50 Castle
15:00 Workshop
15:03 Workshop
» items
| Boots of Speed | 2 | |
| Dust of Appearance | 3 | |
| Scroll of Town Portal | 2 | |
| Potion of Lesser Invulnerability | 2 | |
| Lesser Clarity Potion | 2 | |
| Scroll of Regeneration | 4 | |
| Potion of Healing | 5 | |
| Potion of Invisibility | 1 | |
| Scroll of Healing | 1 | |
| Potion of Mana | 2 | |
| Orb of Fire | 1 | |
25 total
team 2 (winner)
GnR158 (
purple | 155 APM | 2871 actions | 18:29)
7 Goblin Tinker
3 Pocket Factory
3 Engineering Upgrade
1 Robo-Goblin
» actions
| Assign group hotkey | 32 | |
| Basic commands | 12 | |
| Build / train | 75 | |
| ESC pressed | 3 | |
| Enter build submenu | 22 | |
| Enter hero's abilities submenu | 7 | |
| Give item / drop item | 4 | |
| Remove unit from queue | 1 | |
| Right click | 1092 | |
| Select / deselect | 494 | |
| Select group hotkey | 978 | |
| Use ability | 151 | |
2871 total
» units
| Wisp | 23 | |
| Huntress | 5 | |
| Dryad | 9 | |
| Faerie Dragon | 3 | |
| Mountain Giant | 2 | |
| Chimaera | 5 | |
| Hippogryph | 2 | |
49 total
» upgrades
| Sentinel | 1 | |
| Abolish Magic | 1 | |
| Well Spring | 1 | |
| Reinforced Hides | 1 | |
| Hardened Skin | 1 | |
5 total
» buildings
| Moon Well | 6 | |
| Altar of Elders | 1 | |
| Hunter's Hall | 1 | |
| Ancient of War | 1 | |
| Ancient Protector | 4 | |
| Ancient of Wonders | 1 | |
| Tree of Ages | 5 | |
| Ancient of Lore | 1 | |
| Ancient of Wind | 1 | |
| Tree of Eternity | 1 | |
| Tree of Life | 3 | |
| Chimaera Roost | 1 | |
26 total
» build order
00:17 Moon Well
00:42 Altar of Elders
01:41 Hunter's Hall
01:53 Ancient of War
02:07 Moon Well
02:44 Ancient Protector
02:53 Ancient of Wonders
03:23 Tree of Ages
03:23 Tree of Ages
03:23 Tree of Ages
03:48 Moon Well
05:47 Ancient of Lore
05:59 Ancient of Wind
06:04 Moon Well
07:56 Moon Well
08:32 Tree of Eternity
08:53 Tree of Life
10:53 Tree of Life
11:04 Moon Well
11:08 Chimaera Roost
11:15 Ancient Protector
12:03 Ancient Protector
12:51 Tree of Life
14:56 Ancient Protector
» items
| Staff of Teleportation | 1 | |
| Boots of Speed | 1 | |
| Potion of Lesser Invulnerability | 1 | |
| Moonstone | 1 | |
| Lesser Clarity Potion | 1 | |
5 total
Chat log
(00:36 / All) GnR158: maphack a lot you fuck?
(00:53 / All) GnR158: i said
(00:56 / All) GnR158: maphack a lot you fuck?
(01:16 / All) GnR158: useless noobs
(01:18 / All) GnR158: no skill
(04:42 / All) GnR158: supid useless noob
(10:16 / All) GnR158: maphack more yo fuck
(11:16 / All) GnR158: DUMB NOOB
(11:19 / All) GnR158: maphacking useless fuck
(11:20 / All) GnR158: no skill
(13:05 / All) GnR158: useless fuck
(13:56 / All) k6a: free win
(14:01 / All) GnR158: stfu useless maphacker
(14:08 / All) GnR158: no skill
(18:18 / All) k6a: lol